 Dungeon Crawl Stone Soup version 0.17-a0-844-g054e213 (webtiles) character file.

21510 Sixotanaka the Severer (level 12, -1/109 HPs)
             Began as a Deep Dwarf Fighter on Apr 26, 2015.
             Was the Champion of Makhleb.
             Slain by a sun demon (9 damage)
             ... summoned by a kobold demonologist
             ... on level 11 of the Dungeon.
             The game lasted 00:37:45 (10909 turns).

Sixotanaka the Severer (Deep Dwarf Fighter)        Turns: 10909, Time: 00:37:45

Health: -1/109     AC: 24    Str: 23    XL:     12   Next: 54%
Magic:  8/16       EV:  7    Int:  9    God:    Makhleb [******]
Gold:   877        SH:  0    Dex: 14    Spells: 0 memorised, 11 levels left

rFire  + . .     SeeInvis .     a - +1 battleaxe
rCold  + . .     Clarity  .     m - +1 plate armour
rNeg   . . .     SustAb   .     (no shield)
rPois  +         Gourm    .     Y - +1 helmet {rC+}
rElec  .         Spirit   .     E - +0 cloak
rCorr  .         Warding  .     N - +0 pair of gloves
rMut   .         Stasis   .     F - +0 pair of boots
MR     +....                    C - amulet of faith {!P}
Stlth  ..........               D - ring of protection from fire
                                j - ring of poison resistance

@: non-regenerating, slowed, very slow, somewhat resistant to hostile
enchantments, extremely unstealthy
A: damage resistance, recharge devices, sense surroundings 2, slow healing 3
a: Device Recharging, Minor Destruction, Lesser Servant of Makhleb, Major
Destruction, Greater Servant of Makhleb, Renounce Religion


You were on level 11 of the Dungeon.
You worshipped Makhleb.
Makhleb was exalted by your worship.
You were very full.

You visited 3 branches of the dungeon, and saw 13 of its levels.
You also visited: Ice Cave.

You collected 877 gold pieces.


Innate Abilities, Weirdness & Mutations

You are resistant to damage.
You can recharge devices by infusing magical energy.
You passively map the area around you.
You do not heal naturally.


   Skills:
 - Level 7.0 Fighting
 * Level 15.2 Axes
 + Level 13.1 Armour
   Level 3.2 Shields
 - Level 9.0 Evocations


You had 11 spell levels left.
You didn't know any spells.

Dungeon Overview and Level Annotations

Branches:
Dungeon (11/15)            Temple (1/1) D:6             Orc (1/4) D:9
   Lair: D:8-11

Altars:
Ashenzari
Cheibriados
Elyvilon
Fedhas
Kikubaaqudgha
Makhleb
Nemelex Xobeh
Okawaru
Qazlal
Ru
Sif Muna
Trog
Vehumet
Yredelemnul
Zin
The Shining One

Annotations:
D:6 Sigmund

Inventory:

Hand weapons
 a - a +1 battleaxe (weapon)
 b - a +0 blowgun
Missiles
 p - 5 throwing nets
 y - 48 poisoned needles
 z - 3 javelins
 R - 5 tomahawks of returning (quivered)
Armour
 m - a +1 plate armour (worn)
 x - a +0 ice dragon armour
 E - a +0 cloak (worn)
 F - a +0 pair of boots (worn)
 N - a +0 pair of gloves (worn)
 Y - a +1 helmet of cold resistance (worn)
   (You found it in an ice cave)
Jewellery
 j - a ring of poison resistance (left hand)
 r - an uncursed ring of teleportation
 t - an uncursed amulet of warding
 C - an amulet of faith (around neck) {!P}
 D - a ring of protection from fire (right hand)
 T - an uncursed ring of ice {unknown}
Magical devices
 c - a wand of fire (8)
 e - a wand of heal wounds (4) {@v2}
 v - a wand of teleportation (1) {@v4}
 w - a wand of cold (5)
 I - a wand of slowing (18)
 J - a wand of cold (10)
 K - a wand of digging (11)
 Q - a wand of disintegration (18)
 U - a wand of cold (7)
 V - a wand of draining (7)
 Z - a wand of polymorph (11)
Scrolls
 d - a scroll of enchant weapon
 q - 2 scrolls of magic mapping
 s - 2 scrolls of enchant armour
 u - a scroll of blinking
 A - 7 scrolls of remove curse {@r2}
 B - a scroll of teleportation {@r4}
 G - 2 scrolls of amnesia
Potions
 g - 8 potions of curing {@q1}
 h - a potion of cure mutation {unknown}
 l - 2 potions of brilliance
 n - 2 potions of heal wounds {unknown}
 o - a potion of agility {unknown}
 H - 3 potions of restore abilities
 L - 2 potions of mutation {unknown}
 M - a potion of magic {unknown}
 P - a potion of ambrosia {unknown}
 W - a potion of degeneration {unknown}
 X - a potion of berserk rage {unknown}
Comestibles
 f - 11 bread rations
 i - 8 slices of pizza
 k - a meat ration
 O - 3 fruits
 S - 3 beef jerkies

,, , , * , * .. , *
, * * #..## *##., *
, .#..#. .#.. , ,
..... ..... , ,
....###..... , , ,
##.5.....## , .
,#4.K35....# , ,
,#. , ,,#@:.#, *,,*
* #..##*####.⌠.#
##* ,, ,*).#..#.
#..#.}.#..#, , ,
...... #....%....#
,, , ,,
#...$..###.......##
, , ,
##......###......*
* , ,,, ,,
#........# ......,
,,
,#..#..#..#,.#..#.
* , ,..##
####..#### ##..#
***, ,


You could see a sun demon, a kobold demonologist, a red devil, an iron imp and
an ufetubus.


Message History

The hill giant hits you with a giant spiked club!!
The wraith hits you. The wraith drains your vigour!
You feel yourself slow down.
You slash the kobold demonologist! You hit the wraith but do no damage.
You slash the hill giant! You slash the giant frog!
The giant frog hits you but does no damage.
The kobold demonologist looks braver.
The giant frog hits you. The wraith barely misses you.
The hill giant hits you with a giant spiked club!
The kobold demonologist hits you but does no damage.
You slash the hill giant! You barely miss the wraith.
You closely miss the kobold demonologist.
You closely miss the sun demon. The wraith hits you but does no damage.
The sun demon hits you.
You are engulfed in flames.
You resist.
* * * LOW HITPOINT WARNING * * *
The kobold demonologist hits you but does no damage.
The hill giant closely misses you. The wraith closely misses you.
You slash the wraith!
You barely miss the kobold demonologist.
You closely miss the sun demon. You slash the hill giant!
The sun demon hits you but does no damage.
The kobold demonologist mumbles some strange words.
The sun demon hits you but does no damage.
The hill giant hits you with a giant spiked club!
* * * LOW HITPOINT WARNING * * *
The wraith hits you but does no damage.
The kobold demonologist hits you but does no damage.
You slash the hill giant!
You kill the hill giant!
Makhleb accepts your kill.
You hit the wraith.
You destroy the wraith!
Makhleb accepts your kill.
You slash the kobold demonologist! You barely miss the sun demon.
The sun demon barely misses you.
The giant frog hits you but does no damage.
The kobold demonologist casts a spell.
The sun demon hits you!
* * * LOW HITPOINT WARNING * * *
You are engulfed in flames.
You resist.
* * * LOW HITPOINT WARNING * * *
The giant frog barely misses you.
Your plate armour prevents you from hitting the kobold demonologist.
You hit the giant frog. You slash the sun demon! The giant frog hits you.
The sun demon hits you!
* * * LOW HITPOINT WARNING * * *
You are engulfed in flames!
You resist.
* * * LOW HITPOINT WARNING * * *
The kobold demonologist hits you but does no damage.
The giant frog barely misses you.
The kobold demonologist hits you but does no damage.
The sun demon hits you but does no damage.
You closely miss the kobold demonologist.
You slash the giant frog!
You kill the giant frog!
Makhleb accepts your kill.
You feel a little better.
You hit the sun demon but do no damage. The sun demon hits you.
* * * LOW HITPOINT WARNING * * *
You are engulfed in flames.
You resist.
* * * LOW HITPOINT WARNING * * *
The kobold demonologist hits you but does no damage.
You barely miss the kobold demonologist.
You hit the sun demon but do no damage. The sun demon hits you!
* * * LOW HITPOINT WARNING * * *
You are engulfed in flames!
You resist.
* * * LOW HITPOINT WARNING * * *
The kobold demonologist gestures wildly while chanting.
The sun demon hits you!
You die...

Action                   |  1- 3 |  4- 6 |  7- 9 | 10-12 || total
-------------------------+-------+-------+-------+-------++-------
Melee: War axe           |   139 |   133 |   281 |       ||   553
       Battleaxe         |       |       |   184 |   900 ||  1084
 Fire: Blowgun           |       |     6 |    25 |    11 ||    42
Throw: Stone             |     6 |     2 |       |       ||     8
       Tomahawk          |       |       |     9 |     3 ||    12
       Javelin           |       |       |     3 |       ||     3
 Abil: Device Recharging |       |       |     1 |     1 ||     2
Evoke: Wand              |       |     1 |    13 |    11 ||    25
  Use: Scroll            |     2 |       |    10 |    10 ||    22
       Potion            |       |       |     1 |     3 ||     4
 Stab: Invisible         |       |     1 |       |       ||     1
  Eat: Chunk             |     1 |     6 |     8 |    15 ||    30
       Pizza             |       |       |     1 |       ||     1
       Beef jerky        |       |       |     1 |       ||     1
       Meat ration       |       |       |       |     2 ||     2
       Royal jelly       |       |       |       |     1 ||     1

Vault maps used:
D:1:      dpeg_arrival_central
D:2:      kennysheep_big_flooded_room, first_bread, wad_floor_pattern_2,
          uniq_crazy_yiuf_cottage
D:3:      lemuel_coloured_pillars_altar
D:4:      nicolae_ru_great_annihilating_truth, uniq_edmund
D:5:      kennysheep_mini_moat, kennysheep_vampire_church
D:6:      nicolae_overflow_hidden_temple, temple_statues, uniq_sigmund
D:7:      nicolae_overflow_crystal_walls, basic_altar
D:8:      lemuel_crystal_altar, bloody_trog, nicolae_overflow_quartered_altars
D:9:      lemuel_round_altar, ashenzari_altar_1, david_orc_2, uniq_erolcha
D:10:     minmay_statue_hallways, grunt_livestock, fedhas_altar_3, uniq_harold
D:11:     hangedman_cross_cluster, lair_0_dummy
Temple:   circular_temple_6
Orc:1:    portal_ice_cave_entry_animals_and_master
IceCv:    ice_cave_small_necro

Notes
Turn   | Place    | Note
--------------------------------------------------------------
     0 | D:1      | Sixotanaka, the Deep Dwarf Fighter, began the quest for the Orb.
     0 | D:1      | Reached XP level 1. HP: 20/20 MP: 1/1
   160 | D:1      | Reached XP level 2. HP: 25/27 MP: 2/2
   386 | D:1      | Reached skill level 3 in Axes
   692 | D:2      | Reached XP level 3. HP: 30/33 MP: 3/3
   929 | D:2      | Reached skill level 4 in Armour
  1251 | D:2      | Noticed Crazy Yiuf
  1268 | D:2      | Killed Crazy Yiuf
  1268 | D:2      | Reached skill level 4 in Axes
  1268 | D:2      | Reached XP level 4. HP: 23/40 MP: 4/4
  1785 | D:3      | Found a glowing golden altar of the Shining One.
  1935 | D:3      | Noticed an orc warrior
  1941 | D:3      | HP: 10/40 [orc warrior/short sword of draining (11)]
  2109 | D:4      | Noticed Edmund
  2124 | D:4      | Killed Edmund
  2124 | D:4      | Reached skill level 5 in Axes
  2124 | D:4      | Reached XP level 5. HP: 42/46 MP: 5/5
  2151 | D:4      | Reached skill level 5 in Armour
  2161 | D:4      | Reached XP level 6. HP: 49/55 MP: 6/6
  2308 | D:4      | Reached skill level 6 in Axes
  2357 | D:4      | Found a sacrificial altar of Ru.
  2833 | D:5      | Entered Level 5 of the Dungeon
  2904 | D:5      | Found an ancient bone altar of Kikubaaqudgha.
  2927 | D:5      | Reached skill level 7 in Axes
  2927 | D:5      | Reached XP level 7. HP: 38/61 MP: 7/7
  3232 | D:5      | Reached skill level 6 in Armour
  3306 | D:5      | Reached skill level 8 in Axes
  3880 | D:5      | Found a sparkling altar of Nemelex Xobeh.
  3978 | D:6      | Reached XP level 8. HP: 46/68 MP: 8/8
  4002 | D:6      | Noticed a yak
  4002 | D:6      | Noticed a yak
  4002 | D:6      | Noticed a yak
  4003 | D:6      | Noticed a yak
  4017 | D:6      | Noticed a yak
  4022 | D:5      | Killed a yak
  4022 | D:5      | Reached skill level 9 in Axes
  4105 | D:5      | Killed a yak
  4105 | D:5      | Reached skill level 7 in Armour
  4184 | D:5      | Killed a yak
  4252 | D:5      | Killed a yak
  4252 | D:5      | Reached skill level 10 in Axes
  4290 | D:6      | Noticed a yak
  4299 | D:5      | Killed a yak
  4396 | D:6      | Noticed Sigmund
  4460 | D:6      | Killed a yak
  4536 | D:6      | HP: 12/68 [orc warrior/flail (7)]
  4537 | D:6      | Reached skill level 8 in Armour
  4537 | D:6      | Gained mutation: You passively map the area around you. [Deep Dwarf growth]
  4537 | D:6      | Reached XP level 9. HP: 13/74 MP: 9/9
  4546 | D:6      | Reached skill level 11 in Axes
  4719 | D:6      | Found a staircase to the Ecumenical Temple.
  4724 | Temple   | Entered the Ecumenical Temple
  4733 | Temple   | Became a worshipper of Makhleb the Destroyer
  4766 | D:7      | Found a white marble altar of Elyvilon.
  5234 | D:7      | Got a spiked ring mail
  5251 | D:7      | Identified the +4 ring mail of Vlad {rF+ rN++ Regen+ Slay-5} (You found it on level 7 of the Dungeon)
  5308 | D:6      | HP: 18/74 [orc warrior/trident (6)]
  5316 | D:6      | HP: 18/74 [orc warrior/trident (9)]
  5325 | D:6      | HP: 18/74 [orc warrior/trident (15)]
  5332 | D:6      | HP: 14/74 [something (4)]
  5355 | D:6      | HP: 8/74 [ogre/giant spiked club (6)]
  5391 | D:7      | Acquired Makhleb's first power
  5397 | D:7      | Reached skill level 12 in Axes
  5399 | D:7      | HP: 17/74 [orc warrior/long sword (6)]
  5404 | D:7      | Reached skill level 9 in Armour
  5463 | D:7      | Found a white marble altar of Elyvilon.
  5945 | D:8      | Found a glowing silver altar of Zin.
  6258 | D:8      | Reached XP level 10. HP: 40/81 MP: 9/9
  6292 | D:8      | Acquired Makhleb's second power
  6519 | D:8      | Found an iron altar of Okawaru.
  6519 | D:8      | Found a snail-covered altar of Cheibriados.
  6521 | D:8      | Found a basalt altar of Yredelemnul.
  6536 | D:8      | Found a deep blue altar of Sif Muna.
  6550 | D:8      | Reached skill level 13 in Axes
  6606 | D:8      | Found a bloodstained altar of Trog.
  7401 | D:9      | Found a staircase to the Orcish Mines.
  7429 | D:9      | Acquired Makhleb's third power
  7439 | D:9      | Reached skill level 10 in Armour
  7490 | D:9      | Noticed Erolcha
  7506 | D:9      | Killed Erolcha
  7506 | D:9      | Reached skill level 14 in Axes
  7823 | D:9      | Found a stormy altar of Qazlal.
  8022 | D:9      | Acquired Makhleb's fourth power
  8164 | D:9      | Reached skill level 1 in Evocations
  8170 | D:9      | Found a shattered altar of Ashenzari.
  8214 | D:9      | Reached skill level 3 in Fighting
  8300 | D:10     | Entered Level 10 of the Dungeon
  8302 | D:10     | Noticed a hill giant
  8311 | D:10     | Killed a hill giant
  8311 | D:10     | Reached skill level 2 in Evocations
  8311 | D:10     | Reached XP level 11. HP: 65/90 MP: 1/11
  8388 | D:10     | Noticed Harold
  8420 | D:10     | Killed Harold
  8420 | D:10     | Reached skill level 11 in Armour
  8420 | D:10     | Reached skill level 3 in Evocations
  8622 | D:10     | HP: 22/91 [orc warrior/long sword (1)]
  8752 | D:10     | Noticed a hill giant
  8759 | D:10     | HP: 11/91 [hill giant/giant spiked club (18)]
  8762 | D:10     | HP: 4/91 [hill giant/giant spiked club (7)]
  8764 | D:10     | Killed a hill giant
  8764 | D:10     | Reached skill level 4 in Fighting
  8764 | D:10     | Reached skill level 4 in Evocations
  8809 | D:10     | Found a blossoming altar of Fedhas.
  9125 | D:10     | Acquired Makhleb's fifth power
  9130 | D:10     | Reached skill level 5 in Evocations
  9450 | D:11     | Reached skill level 5 in Fighting
  9463 | D:11     | HP: 19/94 [yak (5)]
  9467 | D:10     | Reached skill level 6 in Evocations
  9579 | Orc:1    | Entered Level 1 of the Orcish Mines
  9634 | Orc:1    | Found a frozen archway.
  9635 | Orc:1    | Noticed an ice dragon
  9654 | Orc:1    | Reached skill level 12 in Armour
  9676 | Orc:1    | Killed an ice dragon
  9676 | Orc:1    | Reached skill level 7 in Evocations
  9679 | Orc:1    | Reached skill level 6 in Fighting
  9705 | IceCv    | Entered an ice cave
  9897 | IceCv    | Reached XP level 12. HP: 67/105 MP: 16/16
  9934 | IceCv    | HP: 25/105 [freezing wraith (2)]
  9938 | IceCv    | HP: 10/105 [freezing wraith (4)]
  9943 | IceCv    | HP: 26/105 [freezing wraith (3)]
 10007 | IceCv    | HP: 25/106 [freezing wraith (8)]
 10008 | IceCv    | Reached skill level 8 in Evocations
 10010 | IceCv    | HP: 11/106 [freezing wraith (5)]
 10084 | IceCv    | Found an ancient bone altar of Kikubaaqudgha.
 10090 | IceCv    | HP: 26/106 [freezing wraith (2)]
 10098 | IceCv    | HP: 20/106 [freezing wraith (7)]
 10099 | IceCv    | HP: 8/106 [freezing wraith (3)]
 10239 | IceCv    | Noticed an ice statue
 10251 | IceCv    | Killed an ice statue
 10256 | IceCv    | Noticed a necromancer
 10277 | IceCv    | Killed a necromancer
 10369 | IceCv    | Reached skill level 7 in Fighting
 10513 | Orc:1    | Reached skill level 9 in Evocations
 10864 | D:11     | Reached skill level 15 in Axes
 10864 | D:11     | Reached skill level 13 in Armour
 10897 | D:11     | Noticed a hill giant
 10906 | D:11     | Killed a hill giant
 10907 | D:11     | HP: 25/109 [sun demon[a kobold demonologist] (10)]
 10909 | D:11     | HP: 11/109 [sun demon[a kobold demonologist] (4)]
 10909 | D:11     | Slain by a sun demon

Vanquished Creatures
  Harold (D:10)
  An ice dragon (Orc:1)
  Erolcha (D:9)
  An ice statue (IceCv)
  3 hill giants
  A necromancer (IceCv)
  A manticore (D:11)
  An orange crystal statue (D:10)
  2 trolls
  11 freezing wraiths
  2 polar bears (Orc:1)
  2 two-headed ogres (D:10)
  A trapdoor spider (D:10)
  A deep elf mage (D:11)
  A hungry ghost (D:10)
  2 hogs (D:10)
  A wraith (D:11)
  23 yaks
  A human (D:10)
  A mottled dragon (D:11)
  4 hippogriffs
  Edmund (D:4)
  A vampire mosquito (D:11)
  2 wargs (Orc:1)
  A water moccasin (D:6)
  5 sky beasts
  An eye of draining (D:11)
  8 ice beasts
  A black bear (D:9)
  5 ogres
  8 orc warriors
  A necrophage (D:10)
  2 phantoms (D:8)
  6 big kobolds
  6 giant frogs
  9 centaurs
  A wyvern zombie (D:7)
  A gnoll sergeant (D:9)
  A wyvern skeleton (D:11)
  2 scorpions
  9 killer bees
  An elephant simulacrum (IceCv)
  3 vampire bats (D:5)
  4 crimson imps
  3 jellies
  3 draconian simulacra (IceCv)
  3 centaur skeletons
  2 gnoll shamans
  5 orc priests
  10 orc wizards
  Crazy Yiuf (D:2)
  A centaur zombie (D:10)
  5 hounds
  An iguana (D:11)
  2 wolf simulacra (IceCv)
  11 worker ants
  2 sheep (D:10)
  4 troll simulacra (IceCv)
  4 centaur simulacra (IceCv)
  3 spriggan simulacra (IceCv)
  A polar bear simulacrum (IceCv)
  A hound zombie (D:9)
  2 worker ant zombies
  3 ogre simulacra (IceCv)
  17 gnolls
  9 adders
  3 naga simulacra (IceCv)
  2 shadow imps
  12 white imps (IceCv)
  2 adder skeletons
  2 adder zombies
  2 worms (D:2)
  50 orcs
  A ball python (D:4)
  6 bat skeletons
  A bat zombie (D:5)
  7 giant cockroaches
  9 goblins
  10 hobgoblins
  16 bats
  3 giant geckos
  5 giant newts
  A giant spore (D:6)
  11 jackals
  38 kobolds
  10 rats
  2 ballistomycetes (D:6)
427 creatures vanquished.

Vanquished Creatures (others)
  An orc (D:6)
1 creature vanquished.

Grand Total: 428 creatures vanquished
